 Dungeon Crawl Stone Soup version 0.20-b1-14-g8425815 (webtiles) character file.

146 tof the Skirmisher (level 5, -3/42 HPs)
             Began as a Demonspawn Monk on May 23, 2017.
             Slain by a two-headed ogre
             ... wielding a +0 giant club
              (19 damage)
             ... on level 3 of the Dungeon.
             The game lasted 00:04:45 (2670 turns).

tof the Skirmisher (Demonspawn Monk)                Turns: 2670, Time: 00:04:46

Health: -3/42      AC:  7    Str: 11    XL:     5   Next: 7%
Magic:  5/5        EV:  9    Int: 12    God:
Gold:   143        SH:  0    Dex: 16    Spells: 4/4 levels left

rFire    . . .     SeeInvis .   a - +0 spear
rCold    . . .     Gourm    .   (no shield)
rNeg     . . .     Faith    .   e - +0 scale mail
rPois    .         Spirit   .   (no helmet)
rElec    .         Reflect  .   (no cloak)
rCorr    .         Harm     .   m - +0 pair of gloves
MR       .....                  (no boots)
Stlth    +.........             (no amulet)
Regen    0.2/turn               l - ring of flight
MPRegen  0.1/turn               (no ring)

@: no status effects
A: talons 1, rot immunity
a: Evoke Flight


You were on level 3 of the Dungeon.
You were hungry.

You visited 1 branch of the dungeon, and saw 3 of its levels.

You collected 143 gold pieces.

Inventory:

Hand Weapons
 a - a +0 spear (weapon)
Armour
 e - a +0 scale mail (worn)
 m - a +0 pair of gloves (worn)
Jewellery
 c - an uncursed ring of ice {unknown}
 j - an uncursed ring of ice {unknown}
 l - a ring of flight (left hand)
Scrolls
 d - 4 scrolls of random uselessness {unknown}
 g - 6 scrolls of identify {unknown}
 h - 3 scrolls of remove curse {unknown}
 i - 2 scrolls of amnesia {unknown}
 r - 2 scrolls of magic mapping {unknown}
 t - a scroll of fog {unknown}
Potions
 b - a potion of haste {unknown}
 f - 4 potions of mutation {unknown}
 k - a potion of magic {unknown}
 n - a potion of heal wounds {unknown}
 o - a potion of curing {unknown}
Comestibles
 p - a bread ration
 q - 2 meat rations
 s - 11 chunks of flesh


   Skills:
 * Level 4.2 Fighting
 * Level 4.0 Polearms
 * Level 1.5 Armour
 - Level 2.6 Dodging
 - Level 1.7 Stealth


You had 4 spell levels left.
You didn't know any spells.

Dungeon Overview and Level Annotations

Branches:
Dungeon (3/15)

Altars:
Hepliaklqana


Innate Abilities, Weirdness & Mutations

You have sharp toenails.
You are immune to rotting.


Message History

Aim: a two-headed ogre, wielding two giant clubs You reach to attack!
You hit the two-headed ogre.
The two-headed ogre is lightly wounded.
A kobold comes into view. It is wielding a short sword.
You barely miss the two-headed ogre.
The kobold shouts!
The two-headed ogre hits you with a giant club!!
Ouch! That really hurt!
The two-headed ogre barely misses you.
The kobold unwields an uncursed short sword.
The kobold wields a blowgun.
The kobold shoots a poisoned needle.
The poisoned needle closely misses you.
You are too injured to fight recklessly!
You are too injured to fight recklessly!
Things that are here:
a hand axe; an orc skeleton
There is a stone staircase leading up here.
You are feeling hungry.
The two-headed ogre hits you with a giant club!!
You die...

########### #..........
#.......... #..........
#.......... ###..)..## ###
#####........## #.#
###....(.............. ##.#
###...###.@......####..
.#.####...### #.O......# #...
........### #........# ... .#
.......## ##........#.#.. .#
##.....# #...........#.# #.#
.##....# ##..........##.###..#
.##.......###..........##......##
..#..............K...####........
..#................######(.......


You could see a two-headed ogre and a kobold.

Vanquished Creatures
  Natasha (twice) (D:2)
  3 adders
  3 worms
  A dart slug (D:2)
  A leopard gecko (D:2)
  5 orcs (D:3)
  5 giant cockroaches
  5 hobgoblins
  2 jackals (D:2)
  8 kobolds
  A quokka (D:3)
  A ball python (D:2)
  8 bats
  3 frilled lizards
  3 goblins (D:1)
  6 rats
57 creatures vanquished.

Notes
Turn   | Place    | Note
-------+----------+-------------------------------------------
     0 | D:1      | tof the Demonspawn Monk began the quest for the Orb.
     0 | D:1      | Reached XP level 1. HP: 18/18 MP: 1/1
   404 | D:1      | Gained mutation: You are immune to rotting. [demonic ancestry]
   404 | D:1      | Reached XP level 2. HP: 24/24 MP: 2/2
   474 | D:1      | You fall through a shaft!
   874 | D:2      | Noticed Natasha
   883 | D:2      | Killed Natasha
   883 | D:2      | Reached XP level 3. HP: 22/30 MP: 3/3
  1188 | D:2      | Reached XP level 4. HP: 3/37 MP: 4/4
  1543 | D:2      | Noticed Natasha
  1558 | D:2      | Killed Natasha
  1558 | D:2      | Reached skill level 1 in Armour
  1760 | D:2      | Found a hazy altar of Hepliaklqana.
  2567 | D:3      | Gained mutation: You have sharp toenails. [demonic ancestry]
  2567 | D:3      | Reached XP level 5. HP: 42/42 MP: 5/5
  2646 | D:3      | Noticed a two-headed ogre
  2670 | D:3      | Slain by a two-headed ogre

Skill      XL: |  1  2  3  4 |
---------------+-------------+-----
Polearms       | 3 4 |  4.0
Fighting       | 4 |  4.2
Armour         | 1 |  1.5
Dodging        | |  2.6
Stealth        | |  1.7

Action                   |  1- 3 |  4- 6 || total
-------------------------+-------+-------++-------
Melee: Spear             |   137 |   142 ||   279
       Kick              |       |     9 ||     9
  Eat: Chunk             |     1 |       ||     1
       Bread ration      |       |     1 ||     1
Armor: Scale mail        |    47 |    49 ||    96
Dodge: Dodged            |    52 |    67 ||   119
